 Dungeon Crawl Stone Soup version 0.19.4-9-g45fd643 (webtiles) character file.

96 Kosschaser the Chopper (level 4, -6/41 HPs)
             Began as a Hill Orc Berserker on Feb 17, 2017.
             Was a Believer of Trog.
             Mangled by Sigmund
             ... wielding a +0 scythe
              (13 damage)
             ... while paralysed
             ... on level 2 of the Dungeon.
             The game lasted 00:05:26 (1437 turns).

Kosschaser the Chopper (Hill Orc Berserker)         Turns: 1437, Time: 00:05:27

Health: -6/41      AC:  3    Str: 26    XL:     4   Next: 67%
Magic:  4/4        EV:  2    Int:  7    God:    Trog [**....]
Gold:   98         SH:  0    Dex: 10    Spells: 0 memorised, 3 levels left

rFire  . . .     SeeInvis .     a - +0 hand axe
rCold  . . .     Gourm    .     b - +0 animal skin
rNeg   . . .     Faith    .     (no shield)
rPois  .         Spirit   .     (no helmet)
rElec  .         Reflect  .     h - +0 cloak
rCorr  .         Harm     .     (no gloves)
MR     .....                    (no boots)
Stlth  +.........               (no amulet)
                                (no ring)
                                j - +6 ring of strength

@: confused, paralysed, exhausted, slowed
A: no striking features
a: Berserk, Trog's Hand, Burn Spellbooks, Renounce Religion


You were on level 2 of the Dungeon.
You worshipped Trog.
Trog was pleased with you.
You were very hungry.

You visited 1 branch of the dungeon, and saw 2 of its levels.

You collected 98 gold pieces.

Inventory:

Hand Weapons
 a - a +0 hand axe (weapon)
Armour
 b - a +0 animal skin (worn)
 h - a +0 cloak (worn)
Jewellery
 j - a +6 ring of strength (left hand)
Scrolls
 e - a scroll of identify {unknown}
 f - a scroll of teleportation {unknown}
 k - a scroll of immolation {unknown}
 n - a scroll of noise {unknown}
 p - a scroll of recharging {unknown}
Potions
 d - 2 potions of heal wounds {unknown}
 g - a potion of flight {unknown}
 i - a potion of degeneration {unknown}
 l - a potion of curing {unknown}
 m - a potion of ambrosia {unknown}
Comestibles
 c - a bread ration
 o - 3 fruits


   Skills:
 + Level 4.7 Fighting
 + Level 5.2 Axes
 + Level 2.2 Armour
 + Level 2.2 Dodging
 + Level 0.5 Stealth


You had 3 spell levels left.
You didn't know any spells.

Dungeon Overview and Level Annotations

Branches:
Dungeon (2/15)

Altars:

Annotations:
D:2 Sigmund


Message History

You barely miss something. You miss something.
You hear some strange, mumbled words.
A magic dart appears from out of thin air!
The magic dart hits you!
* * * LOW HITPOINT WARNING * * *
You miss something.
Your skin stops crawling.
You feel less resistant to hostile enchantments.
You hear some strange, mumbled words.
You are confused.
You're too confused to move!
You feel a strong urge to attack something.
You are no longer berserk.
You pass out from exhaustion.
You feel yourself slow down.
You hear some strange, mumbled words.
You are more confused.
Something hits you!
You die...

###..##<....... ....
##........... ...#
####........... ..#
#....##.##..### #.#
..#####......###..#
..# ####)......# .##
#...#>...#### ##
#####.#.##.{...†####
#
##.....#.####.@.....#
#..#.###.#
####....... ###.##.#
#.# ###s...
.......###.# ...
###.....##.# ..
.....##....#
.##..##..#########
.................#
...#####.###.....#


You could see a giant cockroach (wandering).

Vanquished Creatures
  Terence (D:2)
  3 adders (D:2)
  2 dart slugs
  2 worms (D:2)
  A ball python (D:1)
  3 giant cockroaches (D:1)
  3 goblins
  5 hobgoblins
  6 bats
  3 frilled lizards
  3 kobolds (D:1)
  7 rats
39 creatures vanquished.

Notes
Turn   | Place    | Note
-------+----------+-------------------------------------------
     0 | D:1      | Kosschaser the Hill Orc Berserker began the quest for the Orb.
     0 | D:1      | Reached XP level 1. HP: 19/19 MP: 1/1
   174 | D:1      | Reached XP level 2. HP: 24/27 MP: 2/2
   498 | D:1      | You fall through a shaft!
   511 | D:2      | Reached XP level 3. HP: 21/33 MP: 3/3
   566 | D:2      | Noticed Sigmund
  1176 | D:2      | Reached ** piety under Trog
  1306 | D:2      | Reached XP level 4. HP: 30/41 MP: 4/4
  1334 | D:2      | Noticed Terence
  1344 | D:2      | Killed Terence
  1344 | D:2      | Reached skill level 5 in Axes
  1437 | D:2      | Mangled by Sigmund

Skill      XL: |  1  2  3  4 |
---------------+-------------+-----
Fighting       | 4 |  4.7
Dodging        | 2 |  2.2
Axes           | 5 |  5.2
Armour         | |  2.2
Stealth        | |  0.5

Action                   |  1- 3 |  4- 6 || total
-------------------------+-------+-------++-------
Melee: Hand axe          |    97 |    31 ||   128
Invok: Berserk           |       |     2 ||     2
       Trog's Hand       |       |     1 ||     1
 Stab: Sleeping          |     1 |       ||     1
  Eat: Chunk             |     1 |     2 ||     3
Armor: Animal skin       |    30 |     8 ||    38
Dodge: Dodged            |    62 |    17 ||    79
